 Dungeon Crawl Stone Soup version 0.29.1-12-g30fa7ad0bf (webtiles) character file.

Game seed: 7044412380723416801

467 styxcanada the Covered (level 6, 0/56 HPs)
             Began as a Minotaur Fighter on Dec 17, 2022.
             Slain by Sigmund
             ... wielding a +2 scythe of venom
              (2 damage)
             ... on level 4 of the Dungeon.
             The game lasted 00:11:03 (3739 turns).

styxcanada the Covered (Minotaur Fighter)           Turns: 3739, Time: 00:11:03

Health: 0/56       AC: 10    Str: 23    XL:     6   Next: 81%
Magic:  5/5        EV:  9    Int:  5    God:
Gold:   59         SH:  4    Dex:  9    Spells: 5/5 levels left

rFire   . . .      SeeInvis .   a - +1 war axe
rCold   + . .      Faith    .   c - +0 buckler
rNeg    . . .      Spirit   .   b - +0 scale mail
rPois   .          Reflect  .   (helmet restricted)
rElec   .          Harm     .   j - +1 cloak
rCorr   +          Rampage  .   (no gloves)
Will    .....                   (no boots)
Stlth   ..........              (no amulet)
HPRegen 0.18/turn               p - ring of protection from cold
MPRegen 0.09/turn               m - ring of resist corrosion

@: lethally poisoned (0 -> -9), on berserk cooldown, slowed, very slow
A: horns 2, retaliatory headbutt
a: no special abilities


You were on level 4 of the Dungeon.
You visited 2 branches of the dungeon, and saw 5 of its levels.

You collected 320 gold pieces.
You spent 261 gold pieces at shops.

Inventory:

Hand Weapons
 a - a +1 war axe (weapon)
 g - a +0 sling
 q - a +0 broad axe
Missiles
 h - 14 stones
 s - 4 boomerangs (quivered)
Armour
 b - a +0 scale mail (worn)
 c - a +0 buckler (worn)
 j - a +1 cloak (worn)
Jewellery
 m - a ring of resist corrosion (right hand)
 o - a ring of magical power
 p - a ring of protection from cold (left hand)
 r - a ring of protection from fire
Scrolls
 f - a scroll of enchant weapon
Potions
 d - 2 potions of might
 e - a potion of berserk rage
 i - a potion of cancellation
 l - 4 potions of brilliance
 n - a potion of lignification {unknown}
 t - a potion of resistance {unknown}


   Skills:
 * Level 5.4 Fighting
 + Level 5.1 Axes
 * Level 6.4 Armour
 + Level 1.2 Dodging
 + Level 4.2 Shields


You had 5 spell levels left.
You didn't know any spells.
Your spell library was empty.

Dungeon Overview and Level Annotations

Branches:
Dungeon (4/15)             Temple (1/1) D:4

Altars:
Ashenzari
Elyvilon
Gozag
Hepliaklqana
Nemelex Xobeh
Uskayaw
Vehumet
Wu Jian
Zin

Shops:
D:3 *

Annotations:
D:4 Sigmund


Innate Abilities, Weirdness & Mutations

You have a pair of horns on your head.
You reflexively headbutt those who attack you in melee.


Message History

You slash Sigmund!
Sigmund is heavily wounded.
* * * LOW HITPOINT WARNING * * *
You feel very sick.
You bump into the rock wall.
You feel sick. Sigmund hits you but does no damage.
You are lethally poisoned!
You feel a strong urge to attack something.
* * * LOW HITPOINT WARNING * * *
You feel very sick.
You bump into the rock wall.
* * * LOW HITPOINT WARNING * * *
You feel very sick.
Sigmund mumbles some strange words.
Sigmund flickers and vanishes!
Deactivating autopickup; reactivate with Ctrl-A.
You feel your anger nearly subside.
You are no longer berserk.
You are exhausted.
You feel yourself slow down.
* * * LOW HITPOINT WARNING * * *
You feel very sick.
* * * LOW HITPOINT WARNING * * *
You feel very sick.
You hear some strange, mumbled words.
A puff of flame appears from out of thin air!
The puff of flame misses you.
You feel very sick. Something hits you!
* * * LOW HITPOINT WARNING * * *
You are more poisoned.
You miss something.
You feel less invigorated.
You feel less confused.
* * * LOW HITPOINT WARNING * * *
You feel very sick.
You hear some strange, mumbled words.
A magic dart appears from out of thin air!
The magic dart hits you.
* * * LOW HITPOINT WARNING * * *
Something hits you.
You die...

#... ##...
###+# #...#
#.... #...###
#.... #.....
..#...) #.h.#
..#..>. #K###
#.#.#....
#W{.#
#.#.#....
###@##
#.#.#....
#..#
#.#.#####
##.##
#........
#..#
#.....###
##.## ##...##
#..## #...#
##..#####...#
##...#.....#
#.....#...#


You could see a phantom, a hound and a kobold.

Vanquished Creatures
  An ogre (D:4)
  A phantom (D:4)
  An orc priest (D:3)
  A hound (D:4)
  A gnoll bouda (D:4)
  Natasha (twice) (D:4)
  An orc wizard (D:3)
  4 gnolls (D:4)
  2 adders
  3 worms (D:2)
  2 dart slugs (D:1)
  3 orcs (D:3)
  5 bats
  4 endoplasms
  2 giant cockroaches
  11 goblins
  7 hobgoblins
  7 jackals (D:1)
  7 kobolds
  3 quokkas
  2 ball pythons (D:2)
  4 frilled lizards (D:1)
  5 rats
79 creatures vanquished.

Notes
Turn   | Place    | Note
-------+----------+-------------------------------------------
     0 | D:1      | styxcanada the Minotaur Fighter began the quest for the
                  | Orb.
     0 | D:1      | Reached XP level 1. HP: 19/19 MP: 0/0
    82 | D:1      | Reached XP level 2. HP: 15/27 MP: 1/1
   290 | D:1      | Reached skill level 4 in Armour
   535 | D:1      | Reached XP level 3. HP: 31/33 MP: 2/2
   735 | D:1      | Found a faded altar of an unknown god.
  1756 | D:2      | Reached XP level 4. HP: 41/41 MP: 3/3
  2506 | D:3      | Found a white marble altar of Elyvilon.
  2540 | D:3      | Found Picutam's Assorted Antiques.
  2571 | D:3      | Reached skill level 5 in Armour
  2571 | D:3      | Reached XP level 5. HP: 37/47 MP: 4/4
  2578 | D:3      | Bought 3 bubbling purple potions for 81 gold pieces
  2578 | D:3      | Bought a peridot ring for 150 gold pieces
  2578 | D:3      | Bought a scroll labelled SOECIS ZIETUAS for 30 gold pieces
  3186 | D:4      | Found a staircase to the Ecumenical Temple.
  3192 | Temple   | Entered the Ecumenical Temple
  3242 | D:4      | Noticed an ogre
  3250 | D:4      | Killed an ogre
  3251 | D:4      | Reached skill level 5 in Fighting
  3260 | D:4      | Reached skill level 1 in Dodging
  3263 | D:4      | Reached XP level 6. HP: 44/56 MP: 5/5
  3265 | D:4      | Noticed Natasha
  3286 | D:4      | Killed Natasha
  3287 | D:4      | Reached skill level 6 in Armour
  3401 | D:4      | Noticed Natasha
  3410 | D:4      | Killed Natasha
  3600 | D:4      | Found a broken altar of Ashenzari.
  3644 | D:4      | Reached skill level 5 in Axes
  3717 | D:4      | Noticed Sigmund
  3739 | D:4      | HP: 2/56 [something/magic dart (6)]
  3739 | D:4      | Slain by Sigmund

Illustrated notes

Levels and vault maps discovered:
D:1:      denvon_arrival_hothouse, layout_basic,
          shapermc_ecumenical_altar_totnotflames,
          amcnicky_mini_rare_corridor_liquid
D:2:      layout_loops_ring
D:3:      layout_basic, amcnicky_altar_gilded, serial_shops, shop_fountains
D:4:      layout_rooms, nicolae_ashenzari_panopticon, temple_green,
          uniq_natasha, uniq_sigmund
Temple:   mainiacjoe_temple_coin_purse

Skill      XL: |  1  2  3  4  5  6 |
---------------+-------------------+-----
Armour         | 4 5 6 |  6.4
Fighting       | 4 5 |  5.4
Axes           | 3 4 5 |  5.1
Shields        | 4 |  4.2
Dodging        | 1 |  1.2

Action                   |  1- 3 |  4- 6 || total
-------------------------+-------+-------++-------
Melee: War axe           |   110 |   112 ||   222
       Headbutt          |    15 |    14 ||    29
Throw: Boomerang         |       |     2 ||     2
  Use: Scroll            |     6 |     6 ||    12
       Potion            |       |     3 ||     3
Armor: Scale mail        |    68 |    72 ||   140
Dodge: Dodged            |    55 |    50 ||   105
Block: Buckler           |    26 |    23 ||    49
